 Dungeon Crawl Stone Soup version 0.29.1-2-gbd0b4ee654 (webtiles) character file.

Game seed: 8496177715072102472

3670 GorkyZ the Trooper (level 9, 0/69 (71) HPs)
             Began as a Demonspawn Fighter on Nov 19, 2022.
             Succumbed to a killer bee's poison
             ... on level 7 of the Dungeon.
             The game lasted 00:29:42 (8533 turns).

GorkyZ the Trooper (Demonspawn Fighter)             Turns: 8533, Time: 00:29:43

HP:   0/69 (71)     AC:  0    Str: 20    XL:     9   Next: 89%
MP:   0/9           EV: 13    Int: 10    God:
Gold: 482           SH:  0    Dex: 13    Spells: 8/8 levels left

rFire   . . .      SeeInvis .   (weapon currently unavailable)
rCold   . . .      Faith    .   (shield currently unavailable)
rNeg    . . .      Spirit   +   (body armour currently unavailable)
rPois   .          Reflect  .   (helmet currently unavailable)
rElec   .          Harm     .   (cloak currently unavailable)
rCorr   .          Rampage  .   (gloves currently unavailable)
Will    .....                   (boots currently unavailable)
Stlth   +.........              r - amulet of guardian spirit
HPRegen 0.21/turn               (ring currently unavailable)
MPRegen 0.11/turn               (ring currently unavailable)

@: lethally poisoned (0 -> -5), pig-form (expiring), lightly drained, very quick
A: fast, no casting, small, powered by pain 2, condensation shield, (weakness
stinger 2)
a: no special abilities


You were on level 7 of the Dungeon.
You were a filthy swine.
You visited 2 branches of the dungeon, and saw 9 of its levels.
You also visited: Sewer.

You collected 482 gold pieces.

Inventory:

Hand Weapons
 a - a +0 flail
 h - a +1 vorpal whip
 o - a +2 flail of draining
 p - the +6 dagger "Eptonak" {freeze, MP+9 Stlth+}
   (You took it off a kobold on level 2 of the Dungeon)

   It freezes those it strikes, dealing additional cold damage.
   It can also slow down cold-blooded creatures.
   MP:        It affects your magic capacity (+9).
   Stlth:     It makes you more stealthy.
 J - a +2 whip of electrocution
 K - a +3 spear of freezing (melded)
 L - a +0 morningstar of pain
Missiles
 n - 2 throwing nets
 u - 47 poisoned darts (quivered)
 y - 4 datura-tipped darts
 H - 4 javelins
Armour
 b - a +0 scale mail
 c - a +0 buckler (melded)
 j - a +0 pair of boots
 m - a +0 pair of gloves (melded)
 s - a +1 pair of boots (melded)
 w - a +0 chain mail (melded)
 x - a +0 cloak (melded)
 E - the +3 helmet of Context (melded) {rElec Will- Regen+ SInv}
   (You found it on level 5 of the Dungeon)

   rElec:     It insulates you from electricity.
   SInv:      It lets you see invisible.
   Regen:     It increases your rate of health regeneration.
   Will:      It decreases your willpower.
Jewellery
 r - an amulet of guardian spirit (around neck)
 F - a ring of wizardry
 N - a ring of fire
Wands
 t - a wand of polymorph (17)
 v - a wand of paralysis (11)
 A - a wand of acid (19)
Scrolls
 k - 4 scrolls of enchant weapon
 l - 4 scrolls of teleportation
 B - 2 scrolls of amnesia
Potions
 d - 2 potions of might
 e - 4 potions of flight
 f - 3 potions of resistance
 g - a potion of brilliance {unknown}
 i - 5 potions of curing {unknown}
 q - 4 potions of invisibility {unknown}
 z - 2 potions of mutation {unknown}
 C - 2 potions of haste {unknown}
 D - 2 potions of magic {unknown}
 G - 2 potions of attraction {unknown}
 I - 2 potions of heal wounds {unknown}
 M - a potion of degeneration {unknown}


   Skills:
 + Level 6.5 Fighting
 - Level 4.6 Maces & Flails
 + Level 2.7 Polearms
 + Level 5.0 Throwing
 + Level 6.0 Armour
 + Level 5.9 Shields
 + Level 5.7 Evocations


You had 8 spell levels left.
You didn't know any spells.
Your spell library contained the following spells:

 Spells                   Type           Power      Damage    Failure   Level
 Sandblast                Erth           0%         2d4       36%         1
 Passwall                 Tmut/Erth      0%         N/A       50%         2
 Poisonous Vapours        Pois/Air       0%         N/A       50%         2
 Confusing Touch          Hex            0%         N/A       75%         3
 Stone Arrow              Conj/Erth      0%         3d7       75%         3
 Corpse Rot               Necr/Pois/Air  0%         N/A       98%         4
 Yara's Violent Unravell  Hex/Tmut       0%         3d3       100%        5
 Enfeeble                 Hex            0%         N/A       100%        7


Dungeon Overview and Level Annotations

Branches:
Dungeon (8/15)             Temple (1/1) D:4           Sewer (visited)
   Lair: D:8-11

Altars:
Ashenzari
Cheibriados
Dithmenos
Fedhas
Hepliaklqana
Kikubaaqudgha
Makhleb
Qazlal
Sif Muna
Vehumet
Wu Jian
Xom
Yredelemnul

Annotations:
D:8 Psyche


Innate Abilities, Weirdness & Mutations

You are a filthy swine.
You move quickly.
Your equipment is almost entirely melded.
You are incapable of wielding weapons or throwing items.
You cannot cast spells.
You sometimes gain power by taking damage.
A meltable shield of frost defends you. (SH +0)
((You have a tail ending in a sharp stinger.))


Message History

You feel sick. The killer bee stings you.
You feel sick.
You feel sick. The killer bee barely misses you.
You feel sick.
The killer bee attacks as you move away!
The killer bee barely misses you.
You feel sick.
The killer bee attacks as you move away!
The killer bee closely misses you. The killer bee misses you.
You feel sick.
The killer bee attacks as you move away!
The killer bee closely misses you.
Your transformation is almost over.
You feel sick.
You hear some strange, mumbled words.
A swirling arc of seething chaos appears!
An arc of chaos appears from out of thin air!
The arc of chaos hits the killer bee.
The killer bee flickers and vanishes!
Deactivating autopickup; reactivate with Ctrl-A.
The arc of chaos hits something.
Something stings you!
You feel sick.
You are no longer poisoned.
There is a stone staircase leading up here.
You can't go down here!
You hear the loud creaking of a very distant portcullis.
Something stings you! Something stings you.
* * * LOW HITPOINT WARNING * * *
You climb upwards.
Reactivating autopickup.
There is a stone staircase leading down here.
Something stings you.
* * * LOW HITPOINT WARNING * * *
You are poisoned.
Something poisons you!
Deactivating autopickup; reactivate with Ctrl-A.
You feel sick. Something stings you.
You feel sick. Something stings you.
* * * LOW HITPOINT WARNING * * *
Something stings you!
* * * LOW HITPOINT WARNING * * *
You die...

#........# #........#
##........# #........#
..........# #........######
..........# #.............##
..........# #..............#
##........# #..............#
#........# #..........<...#
##........##########.........#
.+..............h..>.........#
##........###................#
....####### #.≈≈≈≈≈≈≈≈≈......#
....#### #.≈..§§..§≈......#
.......######.≈.≈§≈§§.§......#
....................≈.≈......#
..............≈.≈._.≈.≈.######
....###.......≈.≈...§.≈.#
....# #.......≈.≈≈≈≈≈.≈.#


There were no monsters in sight!

Vanquished Creatures
  A wraith (D:7)
  Grum (D:8)
  2 steam dragons (D:8)
  2 swamp worms (D:7)
  2 water moccasins (D:7)
  An orc warrior (D:8)
  The ghost of Groucho the Ducker, an amateur FeBe of Trog (D:4)
  A black bear (D:4)
  2 ogres
  3 wolves (D:8)
  5 kobold brigands
  3 bullfrogs
  A wyvern zombie (D:8)
  3 scorpions
  4 wights (D:7)
  3 howler monkeys
  4 centaur zombies (D:8)
  2 jellies
  2 orc priests
  3 hounds
  2 iguanas
  8 orc wizards
  A killer bee zombie (D:8)
  3 howler monkey zombies (D:8)
  3 gnolls (D:2)
  5 adders
  A white imp (D:8)
  An ufetubus (D:5)
  4 worms
  4 dart slugs
  21 orcs
  5 endoplasms
  5 giant cockroaches
  14 hobgoblins
  5 jackals
  35 kobolds
  5 quokkas
  9 ball pythons
  9 bats
  3 frilled lizards
  2 goblins (D:4)
  9 rats
200 creatures vanquished.

Vanquished Creatures (others)
  19 plants
19 creatures vanquished.

Grand Total: 219 creatures vanquished

Notes
Turn   | Place    | Note
-------+----------+-------------------------------------------
     0 | D:1      | GorkyZ the Demonspawn Fighter began the quest for the Orb.
     0 | D:1      | Reached XP level 1. HP: 18/18 MP: 1/1
   356 | D:1      | Gained mutation: You sometimes gain a little power by
                  | taking damage. [demonic ancestry]
   356 | D:1      | Reached XP level 2. HP: 23/24 MP: 2/2
  1062 | D:1      | Gained mutation: You have a small tail. [demonic ancestry]
  1062 | D:1      | Reached XP level 3. HP: 29/29 MP: 3/3
  1510 | D:2      | Found a shadowy altar of Dithmenos.
  1518 | D:2      | Reached skill level 1 in Throwing
  1546 | D:2      | Reached skill level 1 in Evocations
  1771 | D:2      | Reached XP level 4. HP: 23/35 MP: 4/4
  2005 | D:2      | Identified the +6 dagger "Eptonak" {freeze, MP+9 Stlth+}
  2223 | D:2      | You fall into a shaft and drop 1 floor!
  2705 | D:3      | Reached XP level 5. HP: 31/41 MP: 5/5
  3319 | D:3      | Found a blossoming altar of Fedhas.
  3413 | D:3      | Found a faded altar of an unknown god.
  3418 | D:3      | Found a radiant altar of Vehumet.
  3659 | D:4      | Noticed Groucho's ghost (amateur FeBe)
  3661 | D:4      | Noticed a black bear
  3662 | D:4      | Found a runed translucent door.
  3679 | D:4      | Killed a black bear
  3817 | D:4      | Killed Groucho's ghost
  3818 | D:4      | Gained mutation: A meltable shield of frost defends you.
                  | (SH +0) [demonic ancestry]
  3818 | D:4      | Reached XP level 6. HP: 33/48 MP: 6/6
  4373 | D:4      | Reached XP level 7. HP: 37/54 MP: 7/7
  4568 | D:4      | Found a staircase to the Ecumenical Temple.
  4583 | Temple   | Entered the Ecumenical Temple
  5076 | D:5      | Entered Level 5 of the Dungeon
  5223 | D:5      | Identified the +3 helmet of Context {rElec Will- Regen+
                  | SInv}
  5735 | D:5      | Gained mutation: You have a tail ending in a sharp stinger.
                  | [demonic ancestry]
  5735 | D:5      | Reached XP level 8. HP: 59/61 MP: 8/8
  5939 | D:6      | Reached skill level 5 in Fighting
  6214 | D:6      | Found a glowing drain.
  6223 | Sewer    | Entered a sewer
  6802 | D:7      | Found a shimmering blue altar of Sif Muna.
  6930 | D:7      | Reached skill level 5 in Armour
  6953 | D:7      | Reached skill level 5 in Shields
  7167 | D:7      | Gained mutation: You sometimes gain power by taking damage.
                  | [demonic ancestry]
  7167 | D:7      | Reached XP level 9. HP: 67/68 MP: 9/9
  7226 | D:7      | Reached skill level 1 in Polearms
  7533 | D:7      | Found a stormy altar of Qazlal.
  7594 | D:7      | Reached skill level 5 in Evocations
  7599 | D:7      | HP: 3/69 [swamp worm (13)]
  7845 | D:8      | Found a broken altar of Ashenzari.
  8055 | D:8      | Found a basalt altar of Yredelemnul.
  8211 | D:8      | Noticed Grum
  8233 | D:8      | Killed Grum
  8257 | D:8      | Reached skill level 5 in Throwing
  8387 | D:8      | Noticed Psyche
  8533 | D:7      | HP: 1/69 [something (7)]
  8533 | D:7      | Succumbed to a killer bee's poison

Illustrated notes

Levels and vault maps discovered:
D:1:      noname_arrival_rooms_in_the_neighbourhood, layout_basic,
          hangedman_abyss_or_decor_lesser_grid, patterned_corridor
D:2:      layout_basic, basic_altar
D:3:      layout_basic, nicolae_overflow_ecumenical_swirl, lemuel_crystal_altar
D:4:      layout_loops_cross, minmay_temple_entry_offerings,
          hellmonk_ghost_happy_afterlife, lexackson_kobold_supper
D:5:      layout_rooms
D:6:      layout_loops_ring, portal_sewer_entry_d
D:7:      layout_basic, mainiacjoe_overflow_concentric_impassable,
          nicolae_qazlal_eye_of_the_storm,
          nicolae_concentric_dashed_squares_wild, worms_lemuel
D:8:      layout_cave_pods, mainiacjoe_overflow_cross_hatched,
          nicolae_yredelemnul_corpse_copse, enter_bailey_3, uniq_grum,
          uniq_psyche
Temple:   nicolae_temple_bog_church

Skill      XL: |  1  2  3  4  5  6  7  8  9 |
---------------+----------------------------+-----
Maces & Flails | 2 3 4 |  4.6
Throwing       | 1 2 3 4 5 |  5.0
Evocations     | 1 2 3 4 5 |  5.7
Armour         | 3 4 5 6 |  6.0
Shields        | 3 4 5 |  5.9
Fighting       | 4 5 6 |  6.5
Polearms       | 2 |  2.7

Action                   |  1- 3 |  4- 6 |  7- 9 || total
-------------------------+-------+-------+-------++-------
Melee: Flail             |    28 |     1 |       ||    29
       Whip              |   109 |     4 |       ||   113
       Tailslap          |     8 |    10 |    78 ||    96
       Dagger            |       |   131 |   275 ||   406
       Spear             |       |       |   271 ||   271
       Unarmed           |       |       |     1 ||     1
  Use: Scroll            |     5 |     4 |     3 ||    12
Armor: Scale mail        |    72 |    49 |     3 ||   124
       Chain mail        |       |       |   349 ||   349
Dodge: Dodged            |    80 |    33 |   158 ||   271
Block: Buckler           |    40 |    39 |   258 ||   337
